 Dungeon Crawl Stone Soup version 0.20.1-1-g8b1a95d (webtiles) character file.

12958 Knicklaso the Grappler (level 11, -7/109 HPs)
             Began as a Troll Monk on July 19, 2017.
             Mangled by Urug
             ... wielding a +0 eveningstar of draining
              (10 damage)
             ... on level 11 of the Dungeon.
             The game lasted 00:50:53 (11663 turns).

Knicklaso the Grappler (Troll Monk)                Turns: 11663, Time: 00:50:54

Health: -7/109     AC: 10    Str: 24    XL:     11   Next: 69%
Magic:  13/13      EV:  9    Int:  8    God:
Gold:   429        SH:  0    Dex: 12    Spells: 10/10 levels left

rFire    . . .     SeeInvis .   (no weapon)
rCold    + . .     Gourm    +   (no shield)
rNeg     . . .     Faith    .   u - +0 troll leather armour
rPois    .         Spirit   .   (helmet restricted)
rElec    .         Reflect  .   R - +2 cloak
rCorr    .         Harm     .   (gloves unavailable)
MR       .....                  (boots unavailable)
Stlth    +.........             q - amulet of rage (curse)
Regen    1.1/turn               G - ring of protection from cold
MPRegen  0.2/turn               K - +2 ring of intelligence

@: hasted, extremely drained, very quick
A: unfitting armour, claws 3, fast metabolism 3, gourmand, regeneration 1,
shaggy fur 1, tough skin 2
a: Evoke Berserk Rage


You were on level 11 of the Dungeon.
You were not hungry.

You visited 2 branches of the dungeon, and saw 13 of its levels.
You also visited: Sewer and Ossuary.

You collected 667 gold pieces.
You spent 238 gold pieces at shops.

Inventory:

Missiles
 T - 3 large rocks (quivered)
Armour
 u - a +0 troll leather armour (worn)
 E - a scarf of resistance
 R - a +2 cloak (worn)
Jewellery
 h - an uncursed ring of fire
 l - a +2 ring of strength {unknown}
 q - a cursed amulet of rage (around neck)
 F - an uncursed ring of fire
 G - a ring of protection from cold (left claw)
 K - a +2 ring of intelligence (right claw)
Wands
 v - a wand of confusion (0/48)
 C - a wand of polymorph (0/24)
 D - a wand of iceblast (3/15)
 H - a wand of polymorph (11/24)
 I - a wand of paralysis (8/24)
 J - a wand of random effects (31/48)
 N - a wand of random effects (15/48)
 Q - a wand of random effects (21/48)
 U - a wand of confusion (0/48)
Scrolls
 a - a scroll of enchant weapon
 g - 5 scrolls of identify
 i - 4 scrolls of recharging
 j - 10 scrolls of teleportation
 o - 2 scrolls of blinking
 r - 8 scrolls of remove curse
 t - 2 scrolls of amnesia
 w - a scroll of immolation
 y - a scroll of fear
 O - a scroll of noise {unknown}
Potions
 d - 2 potions of ambrosia {unknown}
 f - 3 potions of curing
 k - 3 potions of mutation {unknown}
 n - a potion of haste
 s - 3 potions of brilliance {unknown}
 z - 2 potions of lignification
 B - 2 potions of flight
 M - a potion of berserk rage {unknown}
Books
 x - a book of Frost

   Spells                             Type                      Level
   a - Freeze                         Ice                          1
   b - Throw Frost                    Conjuration/Ice              2
   c - Ozocubu's Armour               Charms/Ice                   3
   d - Throw Icicle                   Conjuration/Ice              4
   e - Summon Ice Beast               Ice/Summoning                4
 L - a book of Misfortune

   Spells                             Type                      Level
   a - Confusing Touch                Hexes                        1
   b - Confuse                        Hexes                        3
   c - Gell's Gravitas                Translocation                3
   d - Petrify                        Transmutation/Earth          4
   e - Metabolic Englaciation         Hexes/Ice                    5
   f - Yara's Violent Unravelling     Hexes/Transmutation          5
 P - a book of Geomancy

   Spells                             Type                      Level
   a - Sandblast                      Earth                        1
   b - Passwall                       Transmutation/Earth          2
   c - Stone Arrow                    Conjuration/Earth            3
   d - Petrify                        Transmutation/Earth          4
   e - Lee's Rapid Deconstruction     Earth                        5
 S - a book of Air

   Spells                             Type                      Level
   a - Shock                          Conjuration/Air              1
   b - Swiftness                      Charms/Air                   2
   c - Static Discharge               Conjuration/Air              3
   d - Airstrike                      Air                          4
   e - Lightning Bolt                 Conjuration/Air              5
Comestibles
 b - 10 bread rations
 c - 7 meat rations
 m - 4 royal jellies
 p - 9 fruits


   Skills:
 + Level 7.2(0.0) Fighting
 + Level 3.3(0.0) Armour
 + Level 7.3(0.0) Dodging
 + Level 2.9(0.0) Stealth
 + Level 12.4(0.0) Unarmed Combat
 + Level 4.4(0.0) Evocations


You had 10 spell levels left.
You didn't know any spells.

Dungeon Overview and Level Annotations

Branches:
Dungeon (11/15)            Temple (0/1) D:4            Lair (2/6) D:10
    Orc (0/2) D:9
  Swamp: Lair:2-4    Shoals: Lair:2-4     Snake: Lair:2-4    Spider: Lair:2-4

Altars:
Ashenzari
Elyvilon
Okawaru
Trog
Uskayaw
Yredelemnul

Shops:
D:5 :   D:7 !   D:10 (

Annotations:
D:10 Gastronok
D:11 Urug


Innate Abilities, Weirdness & Mutations

You are too large for most types of armour.
You have claws for hands.
Your metabolism is lightning-fast.
You like to eat raw meat.
Your natural rate of healing is unusually fast.
You are covered in fur. (AC +1)
You have very tough skin. (AC +2)


Message History

Urug is severely wounded.
You scratch Urug but do no damage.
Urug is severely wounded.
You scratch Urug but do no damage.
Urug is severely wounded.
You scratch Urug.
Urug is severely wounded.
You scratch Urug.
Urug is almost dead.
You scratch Urug.
Urug is almost dead.
Urug seems less drained.
You scratch Urug.
Urug is almost dead.
You completely miss Urug.
Urug is almost dead.
Urug hits you with an eveningstar of draining!!
* * * LOW HITPOINT WARNING * * *
You feel drained.
You die...

....#######.#....# #..###....
.......####.'....# #.........
##...#.#.<..#....# #.........
.......######....# #.........
..............#..####.........
###..#..#..#..................
.....................(........
..########'#####'########+####
#.# #..........o@..# #.+
#.........(....# ..#
#......(.(.....#
..#############.####
.........######.#
....#....#......#
.........'......#
.........########
................


You could see Urug (confused).

Vanquished Creatures
  2 two-headed ogres
  Erica (D:8)
  Sonja (Lair:2)
  A wizard (D:9)
  Pikel (D:4)
  A spiny frog (Lair:1)
  Psyche (D:11)
  Prince Ribbit (D:8)
  3 trolls
  The ghost of Knicklaso the Skirmisher, an amateur TeFi of Makhleb (Sewer)
  A hippogriff (D:7)
  3 wraiths
  2 wyverns
  Eustachio (D:4)
  5 yaks (Lair:1)
  A hungry ghost (D:8)
  Grum (D:10)
  2 water moccasins
  An orc warrior (D:9)
  An ice beast (D:9)
  A hornet zombie (D:10)
  A black bear (D:10)
  4 ogres
  A phantom (D:6)
  A necrophage (D:9)
  8 wolves (D:10)
  4 centaurs
  2 crocodiles (Lair:1)
  A big kobold (D:7)
  8 bullfrogs
  A gnoll sergeant (D:6)
  A wyvern zombie (D:9)
  3 scorpions
  A water moccasin skeleton (D:4)
  5 killer bees (D:9)
  3 wights (Ossuary)
  5 howler monkeys
  3 electric eels (D:10)
  7 crimson imps
  A centaur zombie (D:9)
  11 hounds
  A jelly (D:7)
  An orc priest (D:8)
  2 gnoll shamans (D:5)
  A bullfrog skeleton (D:10)
  10 orc wizards
  A centaur skeleton (D:9)
  4 iguanas
  6 worker ants
  Robin (D:3)
  A worker ant zombie (D:9)
  A howler monkey skeleton (D:6)
  17 adders
  38 gnolls
  A shadow imp (D:9)
  21 oozes
  2 adder skeletons
  An adder zombie (Ossuary)
  5 worms
  A dart slug (D:1)
  18 leopard geckos
  29 orcs
  13 ball pythons
  11 giant cockroaches
  5 hobgoblins
  24 jackals
  3 quokkas
  4 ball python skeletons (Ossuary)
  4 bats
  9 frilled lizards
  24 goblins
  A hobgoblin skeleton (Ossuary)
  10 kobolds
  A leopard gecko skeleton (D:6)
  2 orc zombies (Ossuary)
  A quokka skeleton (D:4)
  7 rats
  A plant (Lair:2)
385 creatures vanquished.

Vanquished Creatures (others)
  A fungus (Lair:2)
  2 plants (Lair:2)
  5 toadstools (D:1)
8 creatures vanquished.

Grand Total: 393 creatures vanquished

Notes
Turn   | Place    | Note
-------+----------+-------------------------------------------
     0 | D:1      | Knicklaso the Troll Monk began the quest for the Orb.
     0 | D:1      | Reached XP level 1. HP: 22/22 MP: 0/0
   265 | D:1      | Reached XP level 2. HP: 29/29 MP: 1/1
   806 | D:2      | Reached skill level 4 in Unarmed Combat
   807 | D:2      | Reached XP level 3. HP: 33/36 MP: 2/2
   925 | D:2      | Found a white marble altar of Elyvilon.
  1150 | D:2      | Reached skill level 5 in Unarmed Combat
  1150 | D:2      | Reached XP level 4. HP: 43/44 MP: 3/3
  1197 | D:2      | Found a faded altar of an unknown god.
  1482 | D:2      | Found a basalt altar of Yredelemnul.
  1701 | D:3      | Noticed a bullfrog
  1709 | D:3      | Killed a bullfrog
  1709 | D:3      | Reached skill level 6 in Unarmed Combat
  1709 | D:3      | Reached XP level 5. HP: 45/50 MP: 4/4
  2188 | D:3      | Found a bloodstained altar of Trog.
  2380 | D:3      | Noticed Robin
  2412 | D:3      | Killed Robin
  2615 | D:4      | Noticed Eustachio
  2632 | D:4      | Killed Eustachio
  2632 | D:4      | Reached skill level 7 in Unarmed Combat
  2632 | D:4      | Reached XP level 6. HP: 58/59 MP: 5/5
  2812 | D:4      | Found a staircase to the Ecumenical Temple.
  2906 | D:4      | Noticed a slave
  2913 | D:4      | Noticed a slave
  2914 | D:4      | Noticed a slave
  2915 | D:4      | Noticed Pikel
  2915 | D:4      | Noticed a slave
  2920 | D:4      | Killed Pikel
  2920 | D:4      | Reached skill level 9 in Unarmed Combat
  2920 | D:4      | Reached XP level 7. HP: 14/66 MP: 6/6
  3295 | D:5      | Entered Level 5 of the Dungeon
  3405 | D:5      | Reached XP level 8. HP: 69/74 MP: 7/7
  3412 | D:5      | Found a glowing drain.
  3424 | Sewer    | Entered a sewer
  3536 | Sewer    | Reached skill level 10 in Unarmed Combat
  3586 | Sewer    | Noticed Knicklaso's ghost (amateur TeFi)
  3603 | Sewer    | Killed Knicklaso's ghost
  4003 | D:5      | Found Fuprur's Book Boutique.
  4458 | D:6      | Reached XP level 9. HP: 44/84 MP: 8/8
  5065 | D:6      | Found an iron altar of Okawaru.
  5456 | D:6      | Reached skill level 11 in Unarmed Combat
  5703 | D:7      | Found Heh Liga's Distillery.
  5706 | D:7      | Bought a potion of lignification for 42 gold pieces
  5706 | D:7      | Bought a potion of might for 56 gold pieces
  5706 | D:7      | Bought a potion of flight for 42 gold pieces
  5706 | D:7      | Bought a potion of curing for 42 gold pieces
  5706 | D:7      | Bought a potion of agility for 56 gold pieces
  5734 | D:7      | Reached skill level 5 in Dodging
  5854 | D:7      | Reached skill level 5 in Fighting
  5931 | D:7      | Found a hide-covered altar of Uskayaw.
  5939 | D:7      | Noticed a two-headed ogre
  5952 | D:7      | Killed a two-headed ogre
  5952 | D:7      | Reached skill level 1 in Evocations
  6203 | D:8      | Noticed Erica
  6220 | D:8      | Killed Erica
  6220 | D:8      | Reached XP level 10. HP: 39/98 MP: 10/10
  6517 | D:8      | Found a sand-covered staircase.
  6528 | Ossuary  | Entered an ossuary
  6865 | D:8      | Noticed Prince Ribbit
  6880 | D:8      | Killed Prince Ribbit
  6991 | D:8      | Found a shattered altar of Ashenzari.
  7269 | D:9      | Reached skill level 1 in Armour
  7364 | D:9      | Reached skill level 12 in Unarmed Combat
  7766 | D:9      | Noticed a two-headed ogre
  7977 | D:9      | Found a staircase to the Orcish Mines.
  8154 | D:9      | Killed a two-headed ogre
  8352 | D:9      | Noticed a wizard
  8382 | D:9      | Killed a wizard
  8382 | D:9      | Reached XP level 11. HP: 101/107 MP: 12/12
  8500 | D:10     | Entered Level 10 of the Dungeon
  8531 | D:10     | Noticed Grum
  8570 | D:10     | Killed Grum
  8604 | D:10     | Found Laothrom's Weapon Emporium.
  8654 | D:10     | Noticed Gastronok
  8723 | D:10     | Found a shattered altar of Ashenzari.
  8872 | D:10     | Found a staircase to the Lair.
  9338 | Lair:1   | Entered Level 1 of the Lair of Beasts
  9578 | Lair:2   | Noticed Sonja
  9767 | Lair:2   | Killed Sonja
 10659 | D:11     | Noticed a two-headed ogre
 11470 | D:11     | Noticed Psyche
 11475 | D:11     | Killed Psyche
 11576 | D:11     | Noticed Urug
 11663 | D:11     | HP: 3/109 [Urug/eveningstar of draining (27)]
 11663 | D:11     | Mangled by Urug

Skill      XL: |  1  2  3  4  5  6  7  8  9 10 11 |
---------------+----------------------------------+-----
Unarmed Combat | 4 5 6 7 9 10 11 12 | 12.4
Dodging        | 4 5 6 7 |  7.3
Fighting       | 4 5 6 7 |  7.2
Evocations     | 2 3 4 |  4.4
Armour         | 2 3 |  3.3
Stealth        | 2 |  2.9

Action                   |  1- 3 |  4- 6 |  7- 9 | 10-12 || total
-------------------------+-------+-------+-------+-------++-------
Melee: Unarmed           |    77 |   148 |   404 |   570 ||  1199
       Punch             |     1 |     5 |    14 |    25 ||    45
Evoke: Wand              |       |       |       |    28 ||    28
  Use: Scroll            |       |       |    13 |     1 ||    14
       Potion            |       |       |     2 |    11 ||    13
 Stab: Sleeping          |     3 |     1 |     2 |     4 ||    10
       Distracted        |     1 |     1 |       |     2 ||     4
       Confused          |       |       |       |     8 ||     8
  Eat: Chunk             |    12 |    15 |    36 |    50 ||   113
Armor: Robe              |    47 |    40 |    87 |    11 ||   185
       Troll leather arm |       |       |       |   196 ||   196
Dodge: Dodged            |    39 |    59 |   203 |   317 ||   618
